 Dungeon Crawl Stone Soup version 0.30-a0-1074-g5db6f66fbb (console) character file.

Game seed: 15597587102270873339

3 petzl the Sneak (level 1, -1/18 HPs)
             Began as a Formicid Delver on Apr 13, 2023.
             Shot with an arrow by a centaur (5 damage)
             ... on level 6 of the Dungeon.
             The game lasted 00:03:24 (580 turns).

petzl the Sneak (Formicid Delver)                    Turns: 580, Time: 00:03:25

Health: -1/18      AC:  3    Str: 16    XL:     1   Next: 55%
Magic:  2/2        EV: 12    Int:  9    God:
Gold:   67         SH:  0    Dex: 15    Spells: 2/2 levels left

rFire   + . .      SeeInvis +    a - +3 long sword {heavy, rF+ SInv Stlth+}
rCold   . . .      Faith    .    (no shield)
rNeg    . . .      Spirit   .    b - +0 leather armour
rPois   .          Reflect  .    (helmet unavailable)
rElec   .          Rampage  .    (no cloak)
rCorr   .                        (no gloves)
Will    .....                    (no boots)
Stlth   ++++                     (no amulet)
HPRegen 0.23/turn                (no ring)
MPRegen 0.08/turn                (no ring)

@: no status effects
A: permanent stasis, dig shafts and tunnels, antennae 3, four strong arms
a: Dig, Shaft Self


You were on level 6 of the Dungeon.
You visited 1 branch of the dungeon, and saw 4 of its levels.

You collected 67 gold pieces.

Inventory:

Hand Weapons
 a - the +3 long sword "Caig" (weapon) {heavy, rF+ SInv Stlth+}
   (You found it on level 4 of the Dungeon)

   rF:        It protects you from fire.
   SInv:      It lets you see invisible.
   Stlth:     It makes you more stealthy.
 k - a +0 mace
Missiles
 h - 6 stones
 j - 11 poisoned darts
Armour
 b - a +0 leather armour (worn)
Wands
 f - a wand of digging (3)
Scrolls
 c - a scroll of fog
 d - a scroll of magic mapping
 e - a scroll of fear
 l - 3 scrolls of teleportation {unknown}
Potions
 g - a potion of heal wounds {unknown}
 i - a potion of curing {unknown}
 m - 2 potions of degeneration {unknown}


   Skills:
 - Level 3.2 Fighting
 + Level 0.0 Long Blades
 - Level 2.0 Maces & Flails
 - Level 1.7 Dodging
 - Level 6.0 Stealth
 + Level 1.0 Spellcasting


You had 2 spell levels left.
You didn't know any spells.
Your spell library was empty.

Dungeon Overview and Level Annotations

Branches:
Dungeon (6/15)
 Temple: D:4-7

Altars:

Annotations:
D:3 Robin
D:4 exclusion: downstairs
D:5 exclusions: downstairs, scorpion, sleepcap and steam dragon


Innate Abilities, Weirdness & Mutations

You cannot be hasted, slowed, berserked, paralysed or teleported.
You can dig through walls and to a lower floor.
You have a pair of large antennae on your head. (SInv)
Your four strong arms can wield two-handed weapons with a shield.


Message History

Level annotation: exclusion: downstairs
There is a stone staircase leading down here.
There is an escape hatch in the ceiling here.
A mysterious force pulls you upwards. The hatch slams shut behind you.
The hobgoblin shouts!
The kobold shouts!
You hear a shout!
Found four items.
The kobold throws a stone.
The stone barely misses you.
You see here 2 gold pieces.
You now have 67 gold pieces (gained 2).
You see here 3 poisoned darts.
j - 11 poisoned darts (gained 3)
The kobold throws a stone.
The stone hits you but does no damage.
A hobgoblin comes into view.
A goblin comes into view. It is wielding a +0 dagger.
Unknown command.
Unknown command.
Unknown command.
The kobold throws a stone.
The stone hits you but does no damage.
Robin of the Strong Arm comes into view.
They are wielding a +0 falchion.
Found a viscous inky potion.
A goblin comes into view. It is wielding a +0 dagger.
Are you sure you want to shaft yourself?
You begin to dig a shaft.
You continue digging a shaft.
The hobgoblin hits you but does no damage.
The ball python hisses angrily.
A shaft appears beneath you!
You fall into a shaft and drop 3 floors!
The shaft crumbles and collapses.
Found a spear.
You see here a +0 spear {!f =f}.
A centaur comes into view.
The centaur shouts!
The centaur wields a +0 shortbow.
The centaur shoots an arrow.
The arrow barely misses you.
Are you sure you want to shaft yourself?
The centaur shoots an arrow.
The arrow hits you!
Ouch! That really hurt!
* * * LOW HITPOINT WARNING * * *
The centaur shoots an arrow.
The arrow hits you.
You die...

... .... ... #..
######.
#..####.......
#.............
#.....@.......
#....)........
#.............
#.............
#............c
#..............
#..#............
..##............
.# ############


You could see a centaur.

Vanquished Creatures
  An endoplasm (D:4)
  2 kobolds (D:4)
3 creatures vanquished.

Notes
Turn   | Place    | Note
-------+----------+-------------------------------------------
     0 | D:5      | petzl the Formicid Delver began the quest for the Orb.
     0 | D:5      | Reached XP level 1. HP: 18/18 MP: 1/1
    12 | D:6      | Noticed a bullfrog
    62 | D:5      | Noticed a scorpion
   120 | D:5      | Noticed a sleepcap
   334 | D:4      | Reached skill level 1 in Spellcasting
   400 | D:4      | Identified the +3 long sword "Caig" {heavy, rF+ SInv
                  | Stlth+}
   510 | D:5      | Noticed a steam dragon
   573 | D:3      | Noticed Robin
   577 | D:3      | You fall into a shaft and drop 3 floors!
   579 | D:6      | Noticed a centaur
   580 | D:6      | Shot with an arrow by a centaur

Illustrated notes

Levels and vault maps discovered:
D:3:      layout_rooms, uniq_robin, uniq_terence
D:4:      layout_gridville
D:5:      layout_loops_ring, temple_fountains, kennysheep_generic_room_12,
          uniq_grinder
D:6:      layout_layer_cave, mainiacjoe_overflow_24_doors,
          uniq_crazy_yiuf_cottage

Skill      XL: |  1 |
---------------+----+-----
Spellcasting   | 1 |  1.0
Fighting       | |  3.2
Maces & Flails | |  2.0
Dodging        | |  1.7
Stealth        | |  6.0

Action                     || total
---------------------------++-------
  Melee: Mace              ||    15
         Punch             ||     1
Ability: Shaft Self        ||     2
 Armour: Leather armour    ||     6
  Dodge: Dodged            ||    11

Table legend: (Time is in decaauts)
 A = Elapsed time spent in this place.
 B = Non-inter-level travel time spent in this place.
 C = Inter-level travel time spent in this place.
 D = Time resting spent in this place.
 E = Time spent auto-exploring this place.
 F = Levels seen in this place.
 G = Mean time per level.
                   A        B        C        D        E       F      G
               +--------+--------+--------+--------+--------+-----+--------+
         Total |    583 |    583 |      0 |     96 |    273 |   4 |  145.8 |
       Dungeon |    583 |    583 |      0 |     96 |    273 |   4 |  145.8 |
               +--------+--------+--------+--------+--------+-----+--------+

Top non-repeatable levels by time:
     D:5: 310 daAuts
     D:4: 257 daAuts
     D:3: 10 daAuts
     D:6: 4 daAuts
